 Dungeon Crawl Stone Soup version 0.30.1-11-g7821555f0a (webtiles) character file.

Game seed: 2604504978453129481

435 Wiggles the Chopper (level 6, -8/84 HPs)
             Began as a Minotaur Berserker on Nov 15, 2023.
             Was a Believer of Trog.
             Mangled by a yak (9 damage)
             ... on level 4 of the Dungeon.
             The game lasted 00:04:33 (3324 turns).

Wiggles the Chopper (Minotaur Berserker)            Turns: 3324, Time: 00:04:34

Health: -8/84      AC:  8    Str: 24    XL:     6   Next: 68%
Magic:  5/5        EV: 11    Int:  4    God:    Trog [**....]
Gold:   144        SH:  2    Dex:  9    Spells: 5/5 levels left

rFire   . . .        a - +0 hand axe
rCold   . . .        g - +0 buckler
rNeg    + . .        s - +3 ring mail {rN+}
rPois   +            (helmet restricted)
rElec   .            (no cloak)
rCorr   .            (no gloves)
SInv    .            (no boots)
Will    .....        (no amulet) Stlth
                     u - ring of poison resistance
HPRegen 0.34/turn    (no ring)
MPRegen 0.09/turn

%: no passive effects
@: berserking, very quick
A: horns 2, retaliatory headbutt
a: Renounce Religion, Berserk, Trog's Hand


You were on level 4 of the Dungeon.
You worshipped Trog.
Trog was pleased with you.
You visited 1 branch of the dungeon, and saw 4 of its levels.

You collected 144 gold pieces.

Inventory:

Hand Weapons
 a - a +0 hand axe (weapon)
Armour
 g - a +0 buckler (worn)
 s - a +3 ring mail of positive energy (worn)
Jewellery
 k - a ring of ice
 o - a ring of protection from cold
 u - a ring of poison resistance (left hand)
Wands
 q - a wand of iceblast (8)
 r - a wand of digging (6)
Scrolls
 c - 3 scrolls of identify {unknown}
 d - 3 scrolls of fear {unknown}
 f - a scroll of brand weapon {unknown}
 i - a scroll of butterflies {unknown}
 n - a scroll of magic mapping {unknown}
 p - a scroll of blinking {unknown}
Potions
 b - 2 potions of mutation {unknown}
 e - 2 potions of degeneration {unknown}
 h - a potion of lignification {unknown}
 j - 2 potions of flight {unknown}
 l - 2 potions of resistance {unknown}
 m - a potion of might {unknown}
 t - a potion of haste {unknown}


   Skills:
 + Level 5.1 Fighting
 + Level 6.5 Axes
 + Level 4.1 Armour
 + Level 3.7 Dodging
 + Level 1.3 Stealth


You had 5 spell levels left.
You didn't know any spells.
Your spell library was empty.

Dungeon Overview and Level Annotations

Branches:
Dungeon (4/15)
 Temple: D:4-7

Altars:

Shops:
D:1 [


Innate Abilities, Weirdness & Mutations

You have a pair of horns on your head.
You reflexively headbutt those who attack you in melee.


Message History

You closely miss the ufetubus.
The ufetubus is almost dead.
You hit the iguana but do no damage. The ufetubus closely misses you.
You furiously retaliate!
You headbutt the ufetubus!
You kill the ufetubus!
Trog accepts your kill. The iguana bites you.
A red film seems to cover your vision as you go berserk!
You feel yourself moving faster!
You feel mighty! The iguana barely misses you.
You closely miss the goblin. You slash the hobgoblin!
You kill the hobgoblin!
Trog accepts your kill.
You hit the iguana.
You kill the iguana!
Trog accepts your kill.
Your Armour skill increases to level 4!
You barely miss the goblin. The goblin hits you but does no damage.
You slice the goblin!!
You kill the goblin!
Trog accepts your kill.
You hit the yak. You barely miss the yak.
A yak comes into view.
The yak gores you. The yak gores you!
The yak bellows!
You hear a bellow!
You hear a shout!
Items here: ))) †.
You slash the yak! You headbutt the yak.
The yak is heavily wounded.
You hit the yak. The yak gores you! The yak barely misses you.
A yak comes into view.
You hit the yak.
The yak is severely wounded.
You hit the yak but do no damage. You barely miss the yak. You hit the yak.
The yak gores you!
* * * LOW HITPOINT WARNING * * *
The yak gores you!
* * * LOW HITPOINT WARNING * * *
The yak gores you!
* * * LOW HITPOINT WARNING * * *
The yak gores you!
You die...

#.. ...... #..
####......
#..##........# #
#............# #.#
##............
....#.............
..?...............
.......YY.<.......
......Y@.###......
#.....Y### ..###
####... .# #... #
#(.. ...# ....
....#


You could see 4 yaks.

Vanquished Creatures
  The ghost of Vivialdi the Chopper, an amateur DsBe of Trog (D:3)
  An iguana (D:4)
  Jessica (D:2)
  Terence (D:3)
  9 gnolls
  7 adders
  An ufetubus (D:4)
  A worm (D:2)
  A dart slug (D:3)
  3 orcs (D:3)
  4 endoplasms
  A giant cockroach (D:1)
  3 hobgoblins
  6 jackals
  A quokka (D:1)
  5 ball pythons
  10 bats
  A frilled lizard (D:2)
  6 goblins
  10 kobolds
  4 rats (D:1)
77 creatures vanquished.

Notes
Turn   | Place    | Note
-------+----------+-------------------------------------------
     0 | D:1      | Wiggles the Minotaur Berserker began the quest for the Orb.
     0 | D:1      | Reached XP level 1. HP: 19/19 MP: 0/0
   295 | D:1      | Reached skill level 4 in Axes
   295 | D:1      | Reached XP level 2. HP: 11/27 MP: 1/1
   788 | D:1      | Reached XP level 3. HP: 25/33 MP: 2/2
   835 | D:1      | Found Ziucag Qai's Antique Armour Emporium.
  1436 | D:2      | Reached ** piety under Trog
  1521 | D:2      | Found a faded altar of an unknown god.
  1522 | D:2      | Noticed a golden eye
  1523 | D:2      | Noticed a great orb of eyes
  1524 | D:2      | Noticed an eye of devastation
  1524 | D:2      | Noticed a golden eye
  1559 | D:2      | Reached XP level 4. HP: 36/40 MP: 3/3
  1933 | D:2      | Noticed Jessica
  1943 | D:2      | Killed Jessica
  1944 | D:2      | Reached skill level 5 in Axes
  2224 | D:2      | Reached XP level 5. HP: 47/47 MP: 4/4
  2523 | D:3      | Reached skill level 1 in Stealth
  2832 | D:3      | Found a runed translucent door.
  2834 | D:3      | Noticed Vivialdi's ghost (amateur DsBe)
  2922 | D:3      | Noticed Terence
  2929 | D:3      | Killed Terence
  3253 | D:3      | Reached XP level 6. HP: 55/55 MP: 5/5
  3261 | D:3      | Killed Vivialdi's ghost
  3262 | D:3      | Reached skill level 5 in Fighting
  3262 | D:3      | Reached skill level 6 in Axes
  3311 | D:4      | Noticed a yak
  3311 | D:4      | Noticed a yak
  3321 | D:4      | Noticed a yak
  3323 | D:4      | Noticed a yak
  3324 | D:4      | HP: 1/84 [yak (12)]
  3324 | D:4      | Mangled by a yak

Illustrated notes

Levels and vault maps discovered:
D:1:      psy_arrival_conway, layout_basic, serial_shops, shop
D:2:      layout_basic, hellmonk_ecumenical_altar_watching_god, uniq_jessica
D:3:      layout_loops_ring, ebering_ghost_sewer_d, kennysheep_boxes,
          uniq_terence
D:4:      layout_cave_pools, mainiacjoe_overflow_small_starburst,
          gammafunk_ghost_abyssal_escape, uniq_crazy_yiuf_cottage, uniq_robin,
          uniq_ijyb, uniq_menkaure

Skill      XL: |  1  2  3  4  5  6 |
---------------+-------------------+-----
Fighting       | 4 5 |  5.1
Axes           | 4 5 6 |  6.5
Dodging        | 3 |  3.7
Armour         | 3 4 |  4.1
Stealth        | 1 |  1.3

Action                     |  1- 3 |  4- 6 || total
---------------------------+-------+-------++-------
  Melee: Hand axe          |    76 |   106 ||   182
         Headbutt          |     6 |    17 ||    23
 Invoke: Berserk           |       |     5 ||     5
 Armour: Animal skin       |    17 |       ||    17
         Ring mail         |       |    34 ||    34
  Dodge: Dodged            |    51 |    60 ||   111
  Block: Buckler           |     2 |     5 ||     7
